 Dungeon Crawl Stone Soup version 0.30.1-3-gfc49f6343a (webtiles) character file.

Game seed: 9121621310787049368

197 croobank the Sneak (level 5, -2/25 HPs)
             Began as a Felid Delver on July 23, 2023.
             Killed by miscasting Stone Arrow (9 damage)
             ... on level 3 of the Dungeon.
             The game lasted 00:14:38 (4167 turns).

croobank the Sneak (Felid Delver)                   Turns: 4167, Time: 00:14:39

Health: -2/25      AC:  1    Str:  8    XL:     5   Next: 46%
Magic:  2/8        EV: 19    Int: 20    God:
Gold:   158        SH:  0    Dex: 17    Spells: 4/7 levels left
                                        Lives:  0   Deaths: 1

rFire   . .          .
                       - Unarmed
rCold   . . .        (shield unavailable)
rNeg    . . .        (body armour unavailable)
rPois   .            (helmet unavailable)
rElec   .            (cloak unavailable)
rCorr   .            (gloves unavailable)
SInv    +            (boots unavailable)
Will    .....        (no amulet)
Stlth   ++++         f - +6 ring of intelligence
HPRegen 0.24/turn    (no ring)
MPRegen 0.11/turn

%: no passive effects
@: very slightly contaminated, quick
A: very small, claws 1, fangs 3, see invisible, speed 1, shaggy fur 1, stealthy
paws, no weapons or thrown items, no armour, multi-lived
a: no special abilities


You were on level 3 of the Dungeon.
You visited 2 branches of the dungeon, and saw 7 of its levels.

You collected 158 gold pieces.

Inventory:

Jewellery
 f - a +6 ring of intelligence (left paw)
Wands
 b - a wand of acid (6)
 e - a wand of digging (3)
Scrolls
 a - a scroll of fog
 g - 2 scrolls of immolation
 h - a scroll of enchant armour
 i - 3 scrolls of teleportation
 k - a scroll of magic mapping
Potions
 c - a potion of magic
 d - a potion of brilliance
 j - a potion of mutation
 l - a potion of flight


   Skills:
 + Level 3.9 Fighting
 + Level 4.4 Dodging
 + Level 7.6 Stealth
 + Level 3.2 Unarmed Combat
 * Level 1.7 Spellcasting
 * Level 1.4 Earth Magic


You had 4 spell levels left.
You knew the following spells:

 Your Spells              Type           Power      Damage    Failure   Level
a - Stone Arrow           Conj/Erth      8%         3d7       36%         3

Your spell library contained the following spells:

 Spells                   Type           Power      Damage    Failure   Level
 Dazzling Flash           Conj/Hex       2%         N/A       43%         3
 Agony                    Necr           1%         N/A       99%         5
 Silence                  Hex/Air        0%         N/A       99%         5
 Lehudib's Crystal Spear  Conj/Erth      2%         10d2      100%        8
 Animate Armour           Summ/Erth      Unusable   N/A       N/A         4

Dungeon Overview and Level Annotations

Branches:
Dungeon (6/15)             Temple (1/1) D:4

Altars:
Ashenzari
Cheibriados
Elyvilon
Hepliaklqana
Nemelex Xobeh
Okawaru
Qazlal
Sif Muna
Trog
Vehumet
Wu Jian
Xom
Yredelemnul
Zin
The Shining One

Shops:
D:3 :

Annotations:
D:3 1 runed translucent door, Crazy Yiuf


Innate Abilities, Weirdness & Mutations

You have sharp claws.
You have razor-sharp teeth.
You have supernaturally acute eyesight. (SInv)
You cover ground quickly. (Speed+)
You are covered in fur. (AC +1)
Your paws help you pounce on unaware monsters.
You are incapable of wielding weapons or throwing items.
You cannot wear armour.
You gain extra lives every three experience levels.


Message History

You closely miss the adder.
The adder is almost dead.
You feel sick.
You are no longer poisoned.
The adder completely misses you.
You completely miss the adder.
The adder is almost dead.
The adder barely misses you.
You scratch the adder.
You kill the adder!
You start resting.
Magic restored.
You start resting.
HP restored.
You climb downwards.
The iguana barely misses you. The iguana completely misses you.
There is a stone staircase leading up here.
The iguana bites you.
You climb upwards.
Level annotation: 1 runed translucent door, Crazy Yiuf
There is a stone staircase leading down, spattered with blood here.
Casting: Stone Arrow (extremely dangerous; 36% risk of failure)
Confirm with . or Enter, or press ? or * to list all spells.
Aiming: Stone Arrow (extremely dangerous; 36% risk of failure)
Press: ? - help, Shift-Dir - straight line, f - iguana
Aim: an iguana (69% to hit)
The stone arrow hits the iguana!
The iguana is severely wounded.
The iguana bites you!
Ouch! That really hurt!
* * * LOW HITPOINT WARNING * * *
Casting: Stone Arrow (extremely dangerous; 36% risk of failure)
Confirm with . or Enter, or press ? or * to list all spells.
Aiming: Stone Arrow (extremely dangerous; 36% risk of failure)
Press: ? - help, Shift-Dir - straight line, f/p - iguana
Aim: an iguana (severely wounded, 69% to hit)
You miscast Stone Arrow.
You are very lightly contaminated with residual magic.
Sand pours from your paws.
You die...

#.##.# ##.## #...#
.....#### #.# ...
#.......# #.# #+#
#.#####.# ##'## ##.#
#.# #.###...## #.##
#.### #.##.....##
##.# #...#
#.#.....(.## #.##
#...###.........l####
##.##
#...............@'..#
#...##
#...###..........####
#....#
#.......#.......##
##..##
###.######.....##
#....# #.....#
##...## ##...#
#.###.# ##'## ##.##
#.# #.# #.# #.#
#.###.######.# #.#
#..........#.## #.#


You could see an iguana.

Vanquished Creatures
  A hound (D:4)
  Jessica (D:2)
  An iguana (D:3)
  3 orc wizards (D:2)
  A gnoll (D:1)
  4 adders (D:3)
  A worm (D:3)
  2 dart slugs
  3 orcs
  8 ball pythons
  4 endoplasms
  2 giant cockroaches
  4 goblins
  14 hobgoblins
  11 jackals
  A quokka (D:3)
  5 bats
  3 frilled lizards
  4 kobolds
  4 rats
77 creatures vanquished.

Notes
Turn   | Place    | Note
-------+----------+-------------------------------------------
     0 | D:5      | croobank the Felid Delver began the quest for the Orb.
     0 | D:5      | Reached XP level 1. HP: 10/10 MP: 2/2
     1 | D:6      | Noticed a hound
     3 | D:6      | Noticed a hound
    38 | D:5      | Noticed a black bear
    40 | D:4      | Noticed a hound
    42 | D:4      | Noticed a scorpion
    44 | D:4      | Killed a hound
    45 | D:4      | Reached XP level 2. HP: 14/14 MP: 3/3
    45 | D:4      | Reached XP level 3. HP: 17/17 MP: 4/4
    81 | D:4      | Found a staircase to the Ecumenical Temple.
   112 | D:4      | Reached skill level 7 in Stealth
   142 | Temple   | Entered the Ecumenical Temple
   540 | D:3      | Reached XP level 4. HP: 21/21 MP: 5/5
  1589 | D:2      | Noticed Jessica
  1594 | D:2      | Killed Jessica
  1599 | D:2      | Learned a level 3 spell: Stone Arrow
  1692 | D:1      | Reached XP level 5. HP: 16/25 MP: 5/7
  2157 | D:2      | Reached skill level 1 in Spellcasting
  2164 | D:2      | Killed from afar by an orc wizard
  2165 | D:2      | Reached XP level 4. HP: -1/22 MP: 6/6
  2238 | D:3      | Found Huusch's Book Emporium.
  2241 | D:3      | Reached skill level 1 in Earth Magic
  2344 | D:3      | Found a bloodstained altar of Trog.
  2403 | D:2      | Found a faded altar of an unknown god.
  2502 | D:2      | Reached XP level 5. HP: 14/25 MP: 6/8
  2965 | D:3      | Found an iron altar of Okawaru.
  3902 | D:3      | Found a runed translucent door.
  3903 | D:3      | Noticed Crazy Yiuf
  4167 | D:3      | Killed by miscasting Stone Arrow

Illustrated notes

Levels and vault maps discovered:
D:1:      lightli_arrival_flooded_house, layout_basic, minmay_misc_feat_square
D:2:      layout_basic, shapermc_ecumenical_altar_mp_urbaneastern,
          serial_curves, eino_curves_01, eino_curves_04, eino_curves_02,
          minmay_tetromino_i2, uniq_jessica
D:3:      kb_forest_paths, layout_loops_corners, kennysheep_okawaru_gauntlet,
          mainiacjoe_overflow_boulevard, serial_shops,
          nicolae_shop_tiny_statue_garden, uniq_crazy_yiuf_cottage
D:4:      layout_basic, kennysheep_mini, temple_fountains
D:5:      layout_basic, nicolae_titane
D:6:      layout_gridville, dreamdust_wishing_well, uniq_menkaure
Temple:   oiseaux_autumnal_temple

Skill      XL: |  1  2  3  4  5 |
---------------+----------------+-----
Dodging        | 3 4 |  4.4
Stealth        | 7 |  7.6
Unarmed Combat | 3 |  3.2
Spellcasting   | 1 |  1.7
Earth Magic    | 1 |  1.4
Fighting       | |  3.9

Action                     |  1- 3 |  4- 6 || total
---------------------------+-------+-------++-------
  Melee: Unarmed           |    30 |   181 ||   211
         Punch             |     1 |     3 ||     4
         Bite              |       |    16 ||    16
   Cast: Stone Arrow       |       |     7 ||     7
    Use: Scroll            |     2 |    12 ||    14
         Potion            |     1 |     3 ||     4
   Stab: Sleeping          |     4 |    22 ||    26
         Invisible         |       |     2 ||     2
 Armour: Skin              |       |     5 ||     5
  Dodge: Dodged            |    18 |   143 ||   161
